 Dungeon Crawl Stone Soup version 0.32-a0-995-gb4a5920 (webtiles) character file.

Game seed: 11841719682728668370

210719 AlexanderH the Hoplite (level 19, -17/153 (159) HPs)
             Began as a Formicid Fighter on Apr 19, 2024.
             Was a High Priest of Fedhas.
             Demolished by Donald
             ... wielding a +2 broad axe of freezing
              (31 damage)
             ... on level 1 of the Spider Nest on Apr 22, 2024.
             The game lasted 05:29:31 (33793 turns).

AlexanderH the Hoplite (Formicid Fighter)          Turns: 33793, Time: 05:29:32

HP:   -17/153 (159) AC: 25    Str: 33    XL:     19   Next: 58%
MP:   27/36         EV:  9    Int: 10    God:    Fedhas [*****.]
Gold: 3921          SH: 21    Dex: 13    Spells: 18/18 levels left

rFire   + . .        I - +8 glaive
rCold   . . .        C - +5 Storm Queen's Shield {shock, Fly rElec}
rNeg    . . .        B - +3 plate armour {rPois}
rPois   +            (helmet unavailable)
rElec   +            N - scarf {+Inv}
rCorr   .            K - +2 pair of gloves
SInv    +            M - +2 pair of boots
Will    +....        x - amulet of regeneration Stlth
                     w - ring of magical power
HPRegen 1.25/turn    T - ring "Cethaina" {rF+ Str+6}
MPRegen 0.25/turn

%: no passive effects
@: flying, lightly drained
A: permanent stasis, dig shafts and tunnels, antennae 3, four strong arms
}: 1/15 runes: decaying
a: Dig, Shaft Self, Renounce Religion, Evoke Invisibility, Wall of Briars, Grow
Ballistomycete, Overgrow, Grow Oklob


You were on level 1 of the Spider Nest.
You worshipped Fedhas.
Fedhas was extremely pleased with you.
You visited 7 branches of the dungeon, and saw 29 of its levels.
You also visited: Bailey, Gauntlet and Ice Cave.

You collected 4387 gold pieces.
You spent 466 gold pieces at shops.

Inventory:

Hand Weapons
 g - a +2 great sword of electrocution
 p - a +0 bardiche of venom
 F - a +6 scimitar of flaming
 I - a +8 glaive (weapon)
 R - a +3 executioner's axe of freezing
 W - the +12 long sword of the Barnacled God {vamp, rN++ Str+5}
   (You found it on level 4 of the Lair of Beasts)

   Str+5:     It affects your strength (+5).
   rN++:      It greatly protects you from negative energy.
Missiles
 k - 38 poisoned darts
 z - 12 curare-tipped darts
 G - 25 javelins
Armour
 f - a +1 plate armour of cold resistance
 B - a +3 plate armour of poison resistance (worn)
 C - the +5 Storm Queen's Shield (worn) {shock, Fly rElec}
   (You found it on level 6 of the Dungeon)

   Shock:     When it blocks an attack, it may electrocute the attacker.
   This works even against foes who are a short distance away.
   rElec:     It insulates you from electricity.
   Fly:       It grants you flight.
 J - a scarf of resistance
 K - a +2 pair of gloves (worn)
 M - a +2 pair of boots (worn)
 N - a scarf of invisibility (worn)
 O - a +2 tower shield of cold resistance
 S - the +1 pair of boots of Boredom {rC++ Will- Int+5}
   (You found it in a Gauntlet)

   Int+5:     It affects your intelligence (+5).
   rC++:      It greatly protects you from cold.
   Will-:     It decreases your willpower.
Magical Staves
 b - a staff of death
Jewellery
 t - an amulet of reflection
 w - a ring of magical power (left hand)
 x - an amulet of regeneration (around neck)
 T - the ring "Cethaina" (right hand) {rF+ Str+6}
   (You took it off a minotaur in a Gauntlet)

   [ring of protection from fire]

   Str+6:     It affects your strength (+6).
   rF+:       It protects you from fire.
 V - a ring of protection from fire
 Y - a ring of willpower
Talismans
 L - a granite talisman
Wands
 a - a wand of flame (26)
 q - a wand of polymorph (12)
 s - a wand of paralysis (42)
 A - a wand of warping (16)
 P - a wand of mindburst (5)
Scrolls
 h - 6 scrolls of immolation
 j - a scroll of butterflies
 o - 3 scrolls of fear
 u - 2 scrolls of silence
 y - 4 scrolls of revelation
 D - 5 scrolls of poison
 Q - 3 scrolls of amnesia
 U - 3 scrolls of torment
Potions
 c - 2 potions of magic
 d - 5 potions of might
 e - 5 potions of enlightenment
 i - 7 potions of lignification
 l - 10 potions of curing
 m - a potion of heal wounds
 n - a potion of mutation
 r - a potion of brilliance
 v - 2 potions of ambrosia
 H - 3 potions of resistance
 X - a potion of invisibility
Miscellaneous
 E - a phantom mirror (inert)


   Skills:
 + Level 16.8 Fighting
 + Level 10.3 Long Blades
 - Level 10.0 Polearms
 - Level 5.0 Throwing
 - Level 12.0 Armour
 - Level 4.9 Dodging
 + Level 24.5 Shields
 - Level 11.0 Invocations
 + Level 13.0 Evocations


You had 18 spell levels left.
You didn't know any spells.
Your spell library contained the following spells:

 Spells                   Type           Power      Damage    Failure   Level
 Magic Dart               Conj           0%         1d3       91%         1
 Shock                    Conj/Air       0%         1d3       91%         1
 Sting                    Conj/Alch      0%         1d3       91%         1
 Summon Small Mammal      Summ           0%         N/A       91%         1
 Call Imp                 Summ           0%         N/A       97%         2
 Ensorcelled Hibernation  Hex/Ice        0%         N/A       97%         2
 Lesser Beckoning         Tloc           0%         N/A       97%         2
 Momentum Strike          Conj/Tloc      0%         3d8       97%         2
 Call Canine Familiar     Summ           0%         N/A       100%        3
 Hailstorm                Conj/Ice       0%         3d5       100%        3
 Inner Flame              Hex/Fire       0%         N/A       100%        3
 Mephitic Cloud           Conj/Alch/Air  0%         N/A       100%        3
 Passwall                 Erth           0%         N/A       100%        3
 Summon Ice Beast         Ice/Summ       0%         N/A       100%        3
 Airstrike                Air            0%         2d(0-16)  100%        4
 Animate Dead             Necr           0%         N/A       100%        4
 Brom's Barrelling Bould  Conj/Erth      0%         2d3       100%        4
 Ignite Poison            Fire/Alch      0%         N/A       100%        4
 Summon Blazeheart Golem  Fire/Summ      0%         N/A       100%        4
 Arcjolt                  Conj/Air       0%         1d10      100%        5
 Borgnjor's Vile Clutch   Necr/Erth      0%         N/A       100%        5
 Freezing Cloud           Conj/Ice/Air   0%         6-21      100%        5
 Irradiate                Conj/Alch      0%         3d11      100%        5
 Conjure Ball Lightning   Conj/Air       0%         3x3d6     100%        6
 Death Channel            Necr           0%         N/A       100%        6
 Dispersal                Tloc           0%         N/A       100%        6
 Eringya's Noxious Bog    Alch           0%         4d6       100%        6
 Gell's Gavotte           Tloc           0%         2d(11-16) 100%        6
 Permafrost Eruption      Ice/Erth       0%         2x4d1     100%        6
 Plasma Beam              Fire/Air       0%         2x1d10    100%        6
 Sculpt Simulacrum        Ice/Alch       0%         N/A       100%        6
 Manifold Assault         Tloc           0%         N/A       100%        7
 Disjunction              Tloc           0%         N/A       100%        8
 Chain Lightning          Conj/Air       0%         N/A       100%        9
 Fire Storm               Conj/Fire      0%         5d1       100%        9
 Blink                    Tloc           Unusable   N/A       N/A         2
 Swiftness                Air            Unusable   N/A       N/A         3
 Vhi's Electric Charge    Tloc/Air       Unusable   N/A       N/A         4

Dungeon Overview and Level Annotations

Branches:
Dungeon (15/15)            Temple (1/1) D:4            Lair (5/5) D:10
  Swamp (4/4) Lair:2       Spider (1/4) Lair:2        Slime (1/5) Lair:5
    Orc (2/2) D:9             Elf (0/3) Orc:2        Vaults (0/5) D:14
 Depths (0/4) D:15         Bailey (visited)           IceCv (visited)
Gauntlet (visited)

Altars:
Ashenzari
Cheibriados
Dithmenos
Elyvilon
Fedhas
Gozag
Hepliaklqana
Kikubaaqudgha
Makhleb
Nemelex Xobeh
Okawaru
Qazlal
Ru
Sif Muna
Trog
Uskayaw
Vehumet
Wu Jian
Xom
Yredelemnul
Zin
The Shining One
Beogh
Jiyva
Lugonu

Shops:
D:1 :   D:5 :   D:6 =   D:8 =   Orc:2 (*=*

Portals:
Abyss: Lair:5
Pandemonium: Orc:2

Annotations:
Spider:1 Donald


Innate Abilities, Weirdness & Mutations

You cannot be hasted, slowed, berserked, paralysed or teleported.
You can dig through walls and to a lower floor.
You have a pair of large antennae on your head. (SInv)
Your four strong arms can wield two-handed weapons with a shield.


Message History

Donald freezes you!
* * * LOW HITPOINT WARNING * * *
Donald says, "The people that built this place?
They must be crazy."
Donald barely misses you.
Donald hits you with a +2 broad axe of freezing.
* * * LOW HITPOINT WARNING * * *
Donald freezes you.
* * * LOW HITPOINT WARNING * * *
Donald attacks as he pursues you! You block Donald's attack.
Donald hits your briar patch with a +2 broad axe of freezing.
Donald freezes your briar patch.
Unknown command.
You extend your mandibles.
Unknown command.
A briar patch grows up from the ground. x5
Donald is no longer covered in acid.
You block Donald's attack.
Donald hits your briar patch with a +2 broad axe of freezing!
Donald freezes your briar patch.
Your briar patch is destroyed!
Your briar patch disappears in a puff of smoke!
Donald hits your briar patch with a +2 broad axe of freezing!
Donald freezes your briar patch.
Your shield discharges, shocking Donald!
You fly carefully through the plants.
You retract your mandibles.
Donald hits you with a +2 broad axe of freezing!
* * * LOW HITPOINT WARNING * * *
Donald freezes you.
* * * LOW HITPOINT WARNING * * *
Donald hits your briar patch with a +2 broad axe of freezing!
Donald freezes your briar patch.
Donald hits your briar patch with a +2 broad axe of freezing.
Donald freezes your briar patch.
Donald hits your briar patch with a +2 broad axe of freezing.
Donald freezes your briar patch.
Donald hits your briar patch with a +2 broad axe of freezing!!
Donald freezes your briar patch!
Donald hits you with a +2 broad axe of freezing!!
You die...
Donald says, "I won.
I... don't hate that."
Fedhas appreciates your contribution to the ecosystem.

#..^.......
##......##..
#........###
########.......^#
#.^##...........##
#...##.(..........
##§†..............
###P@P........(.....
#..@PP..............
#....#..^...........
#....#..............
##...................
#..........####.....#
#..........# #.....#
###........# #......
###...#...## ##...##
#.........#### ###.#


You could see Donald (fast, strong, ally target, reflecting).

Vanquished Creatures
  Mlioglotl (Swamp:4)
  Gastronok (Lair:2)
  Roxanne (Swamp:4)
  A shadow dragon (D:14)
  Frances (D:12)
  Kirke (Lair:4)
  The ghost of Ruhen the Warrior, an adept CoGl of Okawaru (D:15)
  An emperor scorpion (D:15)
  3 ghouls (Swamp:1)
  A reaper (IceCv)
  6 eleionomae
  4 bunyips
  A dire elephant (D:14)
  A minotaur (Gauntlet)
  The ghost of Xaciphiso the Basher, a journeyman GrFi of the Shining One (Lair:4)
  Josephine (D:12)
  17 hydras
  2 ghost crabs
  3 demonspawn (Orc:2)
  A catoblepas (D:14)
  5 boulder beetles
  12 alligators
  A radroach (Lair:2)
  An ogre mage (D:15)
  5 centaur warriors (D:15)
  6 two-headed ogres
  7 tengu warriors
  4 orc high priests (Orc:2)
  3 thrashing horrors (Lair:5)
  A skyshark (Lair:5)
  4 skeletal warriors (D:14)
  2 pharaoh ants
  4 goliath frogs
  A sixfirhy (Gauntlet)
  An orb spider (Spider:1)
  13 swamp dragons
  3 spriggan druids
  9 bog bodies
  2 large abominations (Lair:5)
  8 orc knights
  4 harpies (D:12)
  A wolf spider (Lair:2)
  12 ugly things
  8 orc sorcerers
  4 cyclopes
  6 will-o-the-wisps
  3 manticores
  A guardian serpent (shapeshifter) (Lair:5)
  A meliai (shapeshifter) (Lair:5)
  An ice statue (IceCv)
  A rust devil (Orc:2)
  4 kobold blastminers (Orc:1)
  3 meliai (D:13)
  11 elephants
  5 black mambas
  A cane toad (shapeshifter) (D:13)
  An orange demon (Orc:2)
  A gargoyle (D:14)
  9 spectral spriggans (Swamp:1)
  An unseen horror (D:10)
  19 cane toads
  2 efreet
  6 rime drakes
  4 freezing wraiths
  2 tengu conjurers (Gauntlet)
  8 komodo dragons
  An anaconda simulacrum (IceCv)
  An ice devil (IceCv)
  Grinder (D:6)
  6 polar bears
  6 tyrant leeches
  36 blink frogs
  5 trolls
  A jumping spider (Lair:2)
  11 hornets
  7 dream sheep (Lair:4)
  2 raiju (Lair:5)
  A vampire (D:12)
  9 spriggans
  8 slime creatures
  3 wraiths (D:12)
  2 ynoxinuls (Lair:5)
  6 culicivoras
  33 yaks
  2 wyverns
  3 fire elementals (Gauntlet)
  4 hogs (Lair:4)
  4 basilisks
  6 wargs
  Eustachio (D:4)
  A death yak simulacrum (IceCv)
  A steam dragon (D:8)
  7 small abominations (Lair:5)
  5 redbacks
  17 swamp worms
  17 vampire mosquitoes
  3 chaos spawn
  The ghost of Spriggannado the Shooter, an amateur DEHu (D:3)
  3 acid dragons
  9 water moccasins
  A hydra simulacrum (IceCv)
  2 hell hounds (Gauntlet)
  Duvessa (D:6)
  2 black bears
  5 ice beasts
  44 orc warriors
  2 laughing skulls (D:14)
  8 swamp drakes (Swamp:4)
  2 sky beasts (D:7)
  8 ogres
  13 wolves
  5 boggarts (D:15)
  9 centaurs
  3 kobold brigands
  2 gnoll sergeants
  A brain worm (shapeshifter) (D:13)
  14 bullfrogs
  A cane toad simulacrum (IceCv)
  A scorpion (D:6)
  4 two-headed ogre simulacra (IceCv)
  10 wights
  Dowan (D:6)
  A hornet simulacrum (D:15)
  2 elephant simulacra (IceCv)
  11 killer bees
  3 howler monkeys
  6 jellies
  20 orc priests
  A hound (D:6)
  Jessica (D:3)
  Ijyb (D:5)
  3 iguanas
  12 orc wizards
  2 polar bear simulacra (IceCv)
  8 spriggan simulacra (IceCv)
  5 troll simulacra (IceCv)
  3 wolf simulacra (IceCv)
  6 gnolls
  12 adders
  6 naga simulacra (IceCv)
  A shadow imp (D:6)
  18 white imps
  10 ufetubi
  4 dart slugs
  3 ribbon worms
  117 orcs
  3 endoplasms
  5 giant cockroaches
  11 hobgoblins
  8 jackals
  4 quokkas
  9 ball pythons
  7 bats
  4 frilled lizards
  7 goblins
  14 kobolds
  11 rats
  A spectral kobold (D:7)
  A ballistomycete spore (Lair:3)
963 creatures vanquished.

Vanquished Creatures (collateral kills)
  the Lernaean hydra (Swamp:4)
  3 hydras (Swamp:4)
  An orc knight (Orc:2)
  A ballistomycete spore (Lair:3)
6 creatures vanquished.

Vanquished Creatures (others)
  A thorn hunter (Swamp:4)
  3 alligators
  3 swamp dragons
  2 will-o-the-wisps (Swamp:2)
  A tyrant leech (Swamp:2)
  10 bloated husks
  2 vampire mosquitoes (Swamp:3)
  A swamp worm (Swamp:3)
  A sleepcap (D:6)
  An orc (Orc:1)
  A ballistomycete spore (Lair:3)
  38 foxfires
64 creatures vanquished.

Grand Total: 1033 creatures vanquished

Notes
Turn   | Place    | Note
-------+----------+-------------------------------------------
     0 | D:1      | AlexanderH the Formicid Fighter began the quest for the
                  | Orb.
     0 | D:1      | Reached XP level 1. HP: 18/18 MP: 1/1
    86 | D:1      | Found Ohesmox's Book Boutique.
   243 | D:1      | Reached XP level 2. HP: 24/24 MP: 2/2
   531 | D:1      | Reached XP level 3. HP: 29/29 MP: 3/3
  1518 | D:2      | Reached XP level 4. HP: 33/35 MP: 4/4
  2081 | D:3      | Found a white marble altar of Elyvilon.
  2094 | D:3      | Noticed Jessica
  2114 | D:3      | Killed Jessica
  2115 | D:3      | Reached XP level 5. HP: 21/42 MP: 5/5
  2238 | D:3      | Reached skill level 5 in Shields
  2703 | D:3      | Reached XP level 6. HP: 47/49 MP: 6/6
  2951 | D:3      | Found a runed translucent gate.
  2952 | D:3      | Found a runed translucent gate.
  2952 | D:3      | Identified the +2 dagger "Demon's Death Toll" {freeze,
                  | +Blink rF- rN+ Int+3}
  2952 | D:3      | Identified the +0 ring mail of Beogh, Teaching {Rampage
                  | Dex+3}
  2953 | D:3      | Found a runed translucent gate.
  2954 | D:3      | Noticed Spriggannado's ghost (amateur DEHu)
  2961 | D:3      | Found a roughly hewn altar of Beogh.
  3097 | D:4      | Noticed Eustachio
  3400 | D:4      | Found a staircase to the Ecumenical Temple.
  3459 | Temple   | Entered the Ecumenical Temple
  3756 | Temple   | Became a worshipper of Fedhas Madash
  3916 | D:4      | Noticed a black bear
  3932 | D:4      | Killed a black bear
  3933 | D:4      | Reached skill level 5 in Armour
  3933 | D:4      | Reached skill level 6 in Shields
  3933 | D:4      | Reached XP level 7. HP: 43/55 MP: 7/7
  4025 | D:4      | Killed Eustachio
  4026 | D:4      | Reached skill level 5 in Fighting
  4745 | D:5      | Entered Level 5 of the Dungeon
  4784 | D:5      | Found a shimmering altar of Xom.
  4836 | D:5      | Reached * piety under Fedhas
  5183 | D:5      | Found a hide-covered altar of Uskayaw.
  5211 | D:5      | Reached XP level 8. HP: 19/63 MP: 8/8
  5381 | D:5      | Noticed Ijyb
  5399 | D:5      | Killed Ijyb
  5507 | D:5      | Found Rophaipt's Vocational Training.
  5542 | D:5      | Reached skill level 7 in Shields
  6112 | D:6      | Found Ollymofu's Jewellery Boutique.
  6283 | D:6      | Noticed Grinder
  6352 | D:6      | Killed Grinder
  6361 | D:6      | Bought a ring of flight for 175 gold pieces
  6448 | D:6      | Found the +5 Storm Queen's Shield {shock, Fly rElec}
  6489 | D:6      | Reached ** piety under Fedhas
  6490 | D:6      | Reached skill level 8 in Shields
  6565 | D:6      | Noticed Dowan
  6565 | D:6      | Noticed Duvessa
  6622 | D:6      | Killed Duvessa
  6623 | D:6      | Reached XP level 9. HP: 67/72 MP: 9/9
  6625 | D:6      | Killed Dowan
  7049 | D:7      | Reached skill level 9 in Shields
  7436 | D:7      | Found a flagged portal.
  7442 | Bailey   | Entered a bailey
  7469 | Bailey   | Reached *** piety under Fedhas
  7625 | Bailey   | Reached skill level 10 in Shields
  7669 | Bailey   | Reached XP level 10. HP: 62/82 MP: 10/10
  8056 | Bailey   | Reached skill level 11 in Shields
  8685 | D:7      | Reached **** piety under Fedhas
  8886 | D:7      | Found a hazy altar of Hepliaklqana.
  9213 | D:7      | Found a sparkling altar of Nemelex Xobeh.
  9213 | D:7      | Found an iron altar of Okawaru.
  9544 | D:8      | Found a basalt altar of Yredelemnul.
  9727 | D:8      | Reached skill level 12 in Shields
  9767 | D:8      | Reached skill level 5 in Polearms
  9803 | D:8      | Found a radiant altar of Vehumet.
  9945 | D:8      | Reached skill level 10 in Fighting
 10092 | D:3      | Reached ***** piety under Fedhas
 10113 | D:3      | Killed Spriggannado's ghost
 10374 | D:8      | Found Zics's Jewellery Boutique.
 10439 | D:8      | Reached skill level 10 in Armour
 10439 | D:8      | Reached XP level 11. HP: 82/90 MP: 11/11
 10559 | D:8      | Identified the +1 leather armour of Integrity {-Cast Str+4}
 10640 | D:8      | Found a sacrificial altar of Ru.
 10974 | D:9      | Reached skill level 1 in Invocations
 11433 | D:9      | Found a snail-covered altar of Cheibriados.
 11583 | D:9      | Noticed a two-headed ogre
 11770 | D:9      | Killed a two-headed ogre
 11771 | D:9      | Reached skill level 13 in Shields
 11914 | D:9      | Found a staircase to the Orcish Mines.
 11949 | Orc:1    | Entered Level 1 of the Orcish Mines
 11949 | Orc:1    | Noticed an orc knight
 12619 | D:10     | Entered Level 10 of the Dungeon
 13022 | D:10     | Reached skill level 5 in Invocations
 13054 | D:10     | Found a staircase to the Lair.
 13056 | D:10     | Reached skill level 1 in Throwing
 13404 | D:10     | Reached skill level 14 in Shields
 13906 | D:10     | Reached XP level 12. HP: 76/99 MP: 16/16
 14117 | Lair:1   | Entered Level 1 of the Lair of Beasts
 14217 | Lair:1   | Got the Catalogue of Airborne Rubedo
 14306 | Lair:1   | Reached ****** piety under Fedhas
 14447 | Lair:1   | Identified the +0 ring mail "Sohezula" {Slay+2}
 14869 | Lair:2   | Found a gate leading to a gauntlet.
 14889 | Gauntlet | Entered a Gauntlet
 14889 | Gauntlet | Found a transporter.
 14894 | Gauntlet | Noticed a sixfirhy
 14900 | Gauntlet | Found a transporter.
 14919 | Gauntlet | Found a transporter.
 14921 | Gauntlet | Found a large runed translucent door.
 14921 | Gauntlet | Found a large runed translucent door.
 14922 | Gauntlet | Found a large runed translucent door.
 14922 | Gauntlet | Found a large runed translucent door.
 14923 | Gauntlet | Found a large runed translucent door.
 14923 | Gauntlet | Found a large runed translucent door.
 14923 | Gauntlet | Found a runed translucent door.
 14923 | Gauntlet | Found a runed translucent door.
 14923 | Gauntlet | Found a large runed translucent door.
 14923 | Gauntlet | Found a large runed translucent door.
 14924 | Gauntlet | Found a large runed translucent door.
 14924 | Gauntlet | Found a large runed translucent door.
 14926 | Gauntlet | Found a transporter.
 14929 | Gauntlet | Noticed a ghost crab
 14944 | Gauntlet | Found a transporter.
 14957 | Gauntlet | Found a large runed translucent door.
 14958 | Gauntlet | Found a large runed translucent door.
 14959 | Gauntlet | Found a large runed translucent door.
 14960 | Gauntlet | Found a runed translucent gate.
 14961 | Gauntlet | Found a transporter.
 14961 | Gauntlet | Found a runed translucent gate.
 14962 | Gauntlet | Found a runed translucent gate.
 14963 | Gauntlet | Found a large runed translucent door.
 14964 | Gauntlet | Found a large runed translucent door.
 14965 | Gauntlet | Found a large runed translucent door.
 14973 | Gauntlet | Found a transporter.
 14985 | Gauntlet | Found a transporter.
 14986 | Gauntlet | Noticed a seven-headed hydra
 14990 | Gauntlet | Found a transporter.
 14992 | Gauntlet | Found a transporter.
 15000 | Gauntlet | Noticed a death yak
 15000 | Gauntlet | Noticed a death yak
 15001 | Gauntlet | Noticed a death yak
 15009 | Gauntlet | Found a transporter.
 15192 | Gauntlet | Found a transporter.
 15340 | Gauntlet | Found a transporter.
 15358 | Gauntlet | Found a transporter.
 15360 | Gauntlet | Found a transporter.
 15364 | Gauntlet | Noticed a tengu warrior
 15426 | Gauntlet | Found a transporter.
 15431 | Gauntlet | Killed a sixfirhy
 15436 | Gauntlet | Found a transporter.
 15443 | Gauntlet | Found a transporter.
 15450 | Gauntlet | Identified the +2 helmet "Pagun" {rC+ Dex+2 Slay+5}
 15487 | Gauntlet | Killed a tengu warrior
 15488 | Gauntlet | Reached skill level 15 in Shields
 15622 | Gauntlet | Identified the +1 pair of boots of Boredom {rC++ Will-
                  | Int+5}
 15664 | Gauntlet | Identified the ring "Cethaina" {rF+ Str+6}
 15664 | Gauntlet | Noticed a minotaur
 15675 | Gauntlet | Killed a minotaur
 15730 | Gauntlet | Identified the ring "Ymetu" {Wiz Str+3}
 15753 | Lair:2   | Noticed Gastronok
 15768 | Lair:2   | Killed Gastronok
 15769 | Lair:2   | Reached XP level 13. HP: 104/107 MP: 19/19
 15847 | Lair:2   | Found a staircase to the Swamp.
 16030 | Lair:2   | Found a hole to the Spider Nest.
 16079 | Lair:2   | Reached skill level 16 in Shields
 16231 | Lair:2   | Reached skill level 5 in Throwing
 16664 | Lair:3   | Reached skill level 17 in Shields
 16824 | Lair:3   | Reached skill level 18 in Shields
 17072 | Lair:3   | Found a transporter.
 17112 | Lair:3   | Reached skill level 19 in Shields
 17449 | Lair:3   | Found a transporter.
 17597 | Lair:3   | Reached skill level 20 in Shields
 17825 | Lair:4   | Reached skill level 21 in Shields
 17960 | Lair:4   | Reached XP level 14. HP: 115/115 MP: 20/20
 17964 | Lair:4   | Noticed Kirke
 17996 | Lair:4   | Killed Kirke
 18094 | Lair:4   | Found a runed translucent gate.
 18096 | Lair:4   | Found a runed translucent gate.
 18096 | Lair:4   | Found a runed translucent gate.
 18128 | Lair:4   | Noticed Xaciphiso's ghost (journeyman GrFi)
 18757 | Lair:4   | Killed Xaciphiso's ghost
 18797 | Lair:4   | Identified the +12 long sword of the Barnacled God {vamp,
                  | rN++ Str+5}
 18922 | Lair:5   | Entered Level 5 of the Lair of Beasts
 18950 | Lair:5   | Reached skill level 1 in Long Blades
 18960 | Lair:4   | Reached skill level 10 in Invocations
 19494 | Lair:5   | Found a viscous altar of Jiyva.
 19504 | Lair:5   | Found a staircase to the Slime Pits.
 19513 | Slime:1  | Entered Level 1 of the Pits of Slime
 19959 | Lair:5   | Reached XP level 15. HP: 122/123 MP: 22/22
 20058 | Lair:5   | Reached skill level 5 in Long Blades
 20274 | Lair:5   | Found a corrupted altar of Lugonu.
 20274 | Lair:5   | Found a one-way gate to the infinite horrors of the Abyss.
 20967 | Orc:2    | Entered Level 2 of the Orcish Mines
 21037 | Orc:1    | Reached skill level 1 in Evocations
 21152 | Orc:2    | Found a staircase to the Elven Halls.
 21704 | Orc:2    | Found Gygev's General Store.
 21760 | Orc:2    | Found Peputh's General Store.
 21886 | Orc:2    | Bought a scroll of identify for 30 gold pieces
 22017 | Orc:2    | Reached skill level 22 in Shields
 22459 | Orc:2    | Found Ohuacul's Jewellery Shop.
 22459 | Orc:2    | Found Weum's Antique Weapon Boutique.
 22462 | Orc:2    | Found a one-way gate leading to the halls of Pandemonium.
 22541 | Orc:2    | Bought a scroll of enchant armour for 135 gold pieces
 22541 | Orc:2    | Bought a potion of might for 72 gold pieces
 22541 | Orc:2    | Bought a potion of curing for 54 gold pieces
 23001 | Orc:2    | Reached skill level 5 in Evocations
 24025 | D:12     | Reached skill level 10 in Polearms
 24062 | D:12     | Reached XP level 16. HP: 85/132 MP: 24/24
 24225 | D:12     | Noticed Frances
 24240 | D:12     | Killed Frances
 24402 | D:12     | Noticed Josephine
 24413 | D:12     | Killed Josephine
 24931 | D:13     | Found a frozen archway.
 25042 | D:13     | Got Nauto's Opusculum on Feathers
 25159 | IceCv    | Entered an ice cave
 25551 | IceCv    | Identified the +4 quarterstaff "Woru" {flame, rElec}
 26717 | D:14     | Identified a scroll of acquirement
 26730 | D:14     | Acquired 1106 gold pieces
 26807 | D:14     | Found a gate to the Vaults.
 26807 | D:14     | Noticed a shadow dragon
 26828 | D:14     | Killed a shadow dragon
 27270 | D:14     | Found a shadowy altar of Dithmenos.
 27410 | D:15     | Entered Level 15 of the Dungeon
 27439 | D:15     | Found a staircase to the Depths.
 27441 | D:15     | Noticed an emperor scorpion
 27460 | D:15     | Killed an emperor scorpion
 27638 | D:15     | Reached skill level 23 in Shields
 27672 | D:15     | Reached skill level 10 in Evocations
 27835 | D:14     | Reached skill level 15 in Fighting
 27872 | D:14     | Reached XP level 17. HP: 142/142 MP: 25/25
 28226 | D:15     | Found a runed translucent door.
 28230 | D:15     | Noticed Ruhen's ghost (adept CoGl)
 28236 | D:15     | Identified the +1 spear of Ronip {venom, Str+7}
 28331 | D:15     | Got the Reference Book on Vivid Fire
 28373 | D:15     | Found a stormy altar of Qazlal.
 28623 | D:15     | Killed Ruhen's ghost
 28720 | D:15     | Upgraded the game from 0.32-a0-938-g40ac7a0 to
                  | 0.32-a0-995-gb4a5920
 29122 | Swamp:1  | Entered Level 1 of the Swamp
 29165 | Swamp:1  | Found a shimmering blue altar of Sif Muna.
 29429 | Swamp:1  | Reached XP level 18. HP: 130/149 MP: 26/26
 30154 | Swamp:1  | Acquired 662 gold pieces
 30916 | Swamp:2  | Found a blossoming altar of Fedhas.
 31428 | Swamp:3  | Got the Book of Blasts
 31455 | Swamp:3  | Reached skill level 24 in Shields
 31565 | Swamp:3  | Reached XP level 19. HP: 148/157 MP: 27/27
 31957 | Swamp:4  | Entered Level 4 of the Swamp
 32021 | Swamp:4  | Noticed Roxanne
 32285 | Swamp:4  | Identified the +3 hand axe of the Aged Priests {vamp, rF+
                  | rN++ MP-9 Dex+3}
 32325 | Swamp:4  | Noticed Mlioglotl
 32393 | Swamp:4  | Killed Mlioglotl
 32985 | Swamp:4  | Noticed the 27-headed Lernaean hydra
 32997 | Swamp:4  | Killed the 27-headed Lernaean hydra
 32998 | Swamp:4  | Reached skill level 10 in Long Blades
 33171 | Swamp:4  | Got a decaying rune of Zot
 33353 | Swamp:4  | Killed Roxanne
 33581 | Spider:1 | Entered Level 1 of the Spider Nest
 33761 | Spider:1 | Noticed Donald
 33793 | Spider:1 | Demolished by Donald

Illustrated notes

Levels and vault maps discovered:
D:1:      eino_arrival_druids_welcome, layout_loops_corners, serial_shops,
          nicolae_book_shop_shelving, minivault_25, minmay_misc_feat_tower
D:2:      layout_rooms, roderic_roman_lattice, minmay_fractal_squares_gapless_5
D:3:      layout_loops_ring, nicolae_overflow_crystal_walls,
          biasface_ghost_orc_armoury, minmay_misc_feat_tiny, uniq_jessica
D:4:      layout_loops_ring, minmay_temple_entry_waves, uniq_eustachio
D:5:      layout_loops_corners, xom_butterflies,
          nicolae_uskayaw_murder_on_the_dancefloor, nicolae_shop_vocational,
          uniq_ijyb
D:6:      layout_rooms, serial_shops, shop, uniq_duvessa, uniq_grinder
D:7:      layout_loops_ring, nicolae_hepliaklqana_monster_ancestors,
          gammafunk_temple_overflow_elements, enter_bailey_3, nicolae_tricolors
D:8:      layout_basic, overflow_temple_1_default, lemuel_tele_altar,
          nicolae_vehumet_altar_sigil, serial_rivers,
          chequers_serial_rivers_micro_d, chequers_serial_rivers_small_3,
          chequers_serial_rivers_micro_a, chequers_serial_rivers_micro_a,
          minmay_shop_enchanted_jewellery
D:9:      layout_layer_cave, slow_altar_2, david_orc_2
D:10:     layout_layer_cave, hellmonk_lair_entry_icy
D:11:     layout_roguey
D:12:     layout_loops_ring, hangedman_aviary, uniq_frances, uniq_josephine
D:13:     layout_cave_pools, portal_ice_cave_entry_imps
D:14:     layout_loops_ring, hellmonk_vaults_attempted_burglary,
          lemuel_round_altar
D:15:     hangedman_depths_entry_try_elsewhere_first, layout_rooms,
          nicolae_qazlal_eye_of_the_storm, ebering_ghost_funeral_grove,
          hangedman_decor_peaks_small
Temple:   nicolae_temple_godzebo
Lair:1:   wander_river, layout_concentric_octagons, lemuel_fruit_tree,
          lemuel_fruit_fields, lemuel_fruit_fields
Lair:2:   layout_regular_city, minmay_swamp_entry_wisps,
          hellmonk_spider_entry_life_and_decay, gauntlet_entry_generic,
          minivault_26, lemuel_fruit_fields, uniq_gastronok
Lair:3:   gammafunk_cloud_chamber, layout_gridlike, minmay_holes,
          serial_bayou_lagoon_a
Lair:4:   layout_cave_pods, gammafunk_ghost_hydra_chop, uniq_kirke
Lair:5:   hellmonk_lair_end_abyssal_woods, layout_regular_city,
          nicolae_slime_entry_field_trip
Swamp:1:  nicolae_swamp_flooded_prison, layout_basic_swamp,
          lemuel_altar_in_water, swamp_pool_1_2, infiniplex_staircase_pool_2
Swamp:2:  nicolae_swamp_husk_halls, layout_basic_swamp, nicolae_swamp_godswood
Swamp:3:  layout_falls_marsh, nicolae_swamp_tree_isthmus
Swamp:4:  swamp_old_school, layout_basic_swamp, nicolae_swamp_fairy_circle,
          uniq_roxanne, uniq_mlioglotl
Spider:1: layout_spider_delve, ebering_ghost_inner_flame, uniq_donald
Slime:1:  layout_caves, basic_altar
Orc:1:    layout_caves
Orc:2:    pf_orc_diabolical, layout_diamond_mine

Skill      XL: |  1  2  3  4  5  6  7  8  9 10 11 12 13 14 15 16 17 18 19 |
---------------+----------------------------------------------------------+-----
Armour         | 4 5 7 8 10 11 12 | 12.0
Fighting       | 4 5 7 8 10 11 12 13 15 16 | 16.8
Polearms       | 3 4 5 6 7 9 10 | 10.0
Shields        | 5 6 8 10 12 14 15 21 22 23 24 | 24.5
Invocations    | 6 8 9 10 11 | 11.0
Throwing       | 1 4 5 |  5.0
Long Blades    | 4 7 8 9 10 | 10.3
Evocations     | 6 10 11 12 13 | 13.0
Dodging        | 4 |  4.9

Action                     |  1- 3 |  4- 6 |  7- 9 | 10-12 | 13-15 | 16-18 | 19-21 || total
---------------------------+-------+-------+-------+-------+-------+-------+-------++-------
  Melee: Trident           |    99 |   204 |       |       |       |       |       ||   303
         Flail             |       |    60 |   354 |    44 |       |       |       ||   458
         Glaive            |       |       |       |   291 |   247 |       |    46 ||   584
         Great sword       |       |       |       |    92 |       |       |       ||    92
         Long sword        |       |       |       |       |   724 |  1175 |   174 ||  2073
         Scimitar          |       |       |       |       |     8 |    27 |    39 ||    74
  Throw: Dart              |       |       |     3 |     6 |       |       |       ||     9
         Javelin           |       |       |     5 |       |       |     3 |       ||     8
 Invoke: Wall of Briars    |       |       |     1 |       |       |       |     7 ||     8
         Grow Ballistomyce |       |       |       |       |     1 |       |       ||     1
         Grow Oklob        |       |       |       |       |     1 |       |     5 ||     6
Ability: Dig               |     2 |     3 |       |    18 |       |     1 |     1 ||    25
         Evoke Invisibilit |       |       |       |       |       |     1 |     1 ||     2
  Evoke: Wand              |       |       |     2 |       |       |     3 |       ||     5
         Phantom mirror    |       |       |       |       |       |       |     1 ||     1
    Use: Scroll            |       |     2 |       |    21 |     9 |    17 |       ||    49
         Potion            |       |       |       |     1 |     4 |     7 |     3 ||    15
   Stab: Paralysed         |       |       |     5 |       |       |       |       ||     5
         Fleeing           |       |       |       |       |     1 |       |       ||     1
         Distracted        |       |       |       |       |       |       |     2 ||     2
 Armour: Scale mail        |    23 |       |       |       |       |       |       ||    23
         Plate armour      |    52 |   252 |   373 |   301 |   735 |   763 |   248 ||  2724
  Dodge: Dodged            |    20 |    67 |   115 |    85 |   236 |   235 |    78 ||   836
  Block: Buckler           |    26 |    75 |    82 |       |       |       |       ||   183
         Kite shield       |       |       |   167 |   560 |  1348 |  1393 |   342 ||  3810

Table legend: (Time is in decaauts)
 A = Elapsed time spent in this place.
 B = Non-inter-level travel time spent in this place.
 C = Inter-level travel time spent in this place.
 D = Time resting spent in this place.
 E = Time spent auto-exploring this place.
 F = Levels seen in this place.
 G = Mean time per level.
                   A        B        C        D        E       F      G
               +--------+--------+--------+--------+--------+-----+--------+
         Total |  34583 |  33710 |    873 |   2086 |  11716 |  32 | 1080.7 |
       Dungeon |  18437 |  17955 |    482 |   1240 |   7580 |  15 | 1229.1 |
        Temple |    330 |    330 |      0 |    100 |      0 |   1 |  330.0 |
          Lair |   6065 |   5848 |    217 |     18 |   2468 |   5 | 1213.0 |
         Swamp |   4389 |   4284 |    105 |    170 |   1147 |   4 | 1097.2 |
   Spider Nest |    109 |    109 |      0 |      0 |      0 |   1 |  109.0 |
    Slime Pits |      1 |      1 |      0 |      0 |      0 |   1 |    1.0 |
  Orcish Mines |   2557 |   2489 |     68 |    112 |    458 |   2 | 1278.5 |
        Bailey |   1188 |   1188 |      0 |    275 |      0 |   1 | 1188.0 |
      Ice Cave |    634 |    634 |      0 |      0 |     63 |   1 |  634.0 |
      Gauntlet |    868 |    868 |      0 |    171 |      0 |   1 |  868.0 |
               +--------+--------+--------+--------+--------+-----+--------+

Top non-repeatable levels by time:
   Orc:2: 1981 daAuts
    D:10: 1688 daAuts
     D:9: 1678 daAuts
  Lair:5: 1611 daAuts
 Swamp:4: 1503 daAuts
 Swamp:1: 1446 daAuts
    D:14: 1398 daAuts
     D:8: 1375 daAuts
  Lair:3: 1354 daAuts
     D:4: 1344 daAuts
     D:5: 1312 daAuts
     D:7: 1290 daAuts
     D:3: 1278 daAuts
    D:15: 1278 daAuts
  Lair:4: 1238 daAuts
